 Dungeon Crawl Stone Soup version 0.31-a0-204-g7da18cac08 (webtiles) character file.

Game seed: 18049974032055063322

24 qw the Shooter (level 2, -4/16 HPs)
             Began as a Deep Elf Hunter on June 27, 2023.
             Slain by Terence
             ... wielding a +0 flail
              (5 damage)
             ... on level 2 of the Dungeon.
             The game lasted 00:00:16 (1041 turns).

qw the Shooter (Deep Elf Hunter)                    Turns: 1041, Time: 00:00:17

Health: -4/16      AC:  6    Str:  8    XL:     2   Next: 79%
Magic:  4/4        EV:  8    Int: 13    God:
Gold:   53         SH:  0    Dex: 18    Spells: 1/1 levels left

rFire   . . .        Y - +0 shortbow
rCold   . . .        (shield currently unavailable)
rNeg    . . .        d - +0 scale mail
rPois   .            (no helmet)
rElec   .            (no cloak)
rCorr   .            (no gloves)
SInv    .            (no boots)
Will    .....        (no amulet)
Stlth   +            (no ring)
HPRegen 0.22/turn    (no ring)
MPRegen 0.09/turn

%: no passive effects
@: no status effects
A: no striking features
a: no special abilities


You were on level 2 of the Dungeon.
You visited 1 branch of the dungeon, and saw 2 of its levels.

You collected 53 gold pieces.


   Skills:
 - Level 1.5 Fighting
 + Level 6.5 Ranged Weapons
 - Level 2.4 Dodging
 - Level 1.2 Stealth


You had one spell level left.
You didn't know any spells.
Your spell library was empty.

Inventory:

Hand Weapons
 Y - a +0 shortbow (weapon)
Armour
 a - a +1 pair of gloves
 d - a +0 scale mail (worn)
Scrolls
 h - a scroll of summoning {unknown}
 i - a scroll of vulnerability {unknown}
 j - a scroll of fear {unknown}
Potions
 b - a potion of ambrosia {unknown}
 c - a potion of haste {unknown}
 e - a potion of curing {unknown}
 f - a potion of enlightenment {unknown}
 g - a potion of brilliance {unknown}

Dungeon Overview and Level Annotations

Branches:
Dungeon (2/15)

Altars:

Annotations:
D:2 Terence


Message History

c - a metallic blue potion You now have 25 gold pieces (gained 3).
You now have 32 gold pieces (gained 7).
e - a fuming puce potion
h - a scroll labelled MYQ ELOHEJ You now have 38 gold pieces (gained 6).
You now have 53 gold pieces (gained 15).
Found a leather armour.
Found a stone staircase leading up.
Enter note:
Enter note:
i - a scroll labelled HUSCHE JERIN
Enter note:
Enter note:
j - a scroll labelled JUAQOU TINYIMN
Enter note:
Enter note: You open the door.
There is an open door here.
Terence the Incautious comes into view.
He is wielding a +0 flail.
Found a dark potion.
Terence shouts!
Enter note:
Enter note: You shoot an arrow.
The arrow completely misses Terence.
You shoot an arrow. The arrow hits Terence.
Terence is lightly wounded.
You shoot an arrow. The arrow hits Terence.
Terence is moderately wounded.
Terence hits you with a +0 flail. Terence barely misses you.
You shoot an arrow. The arrow hits Terence!
Terence is heavily wounded.
Terence hits you with a +0 flail.
You shoot an arrow. The arrow hits Terence.
Terence is almost dead.
Terence hits you with a +0 flail. Terence barely misses you.
You shoot an arrow.
The arrow hits Terence but does no damage.
Terence is almost dead.
Terence hits you with a +0 flail.
You die...

##### ##### #....
#...# .. #.... #...#
.# #...! #...##.###
###...@##......[.#
.......@'........##
#########.........#
#..........#
#####..........####.
......................
######....#.......<#.#
####.###..#####.#
#..........#.#
##########.#.#


You could see Terence.

Vanquished Creatures
  A dart slug (D:1)
  2 endoplasms (D:1)
  A giant cockroach (D:1)
  2 goblins (D:1)
  A hobgoblin (D:1)
  A quokka (D:1)
  5 ball pythons (D:1)
  3 bats (D:1)
  A frilled lizard (D:1)
  2 kobolds (D:1)
  4 rats (D:1)
23 creatures vanquished.

Notes
Turn   | Place    | Note
-------+----------+-------------------------------------------
     0 | D:1      | qw the Deep Elf Hunter began the quest for the Orb.
     0 | D:1      | Reached XP level 1. HP: 12/12 MP: 3/3
     0 | D:1      | 0 ||| qw: Version: 0.3-a-22-g0ed2b0b
     0 | D:1      | 0 ||| qw: Game counter: 6598
     0 | D:1      | 0 ||| qw: Melee chars always use a shield: true
     0 | D:1      | 0 ||| qw: God list: Okawaru
     0 | D:1      | 0 ||| qw: Allow faded altars: false
     0 | D:1      | 0 ||| qw: Do Orc after clearing Dungeon:15 true
     0 | D:1      | 0 ||| qw: Do second Lair branch before Depths: true
     0 | D:1      | 0 ||| qw: Lair rune preference: random
     0 | D:1      | 0 ||| qw: Goals: Normal
     0 | D:1      | 0 ||| PLANNING D:1-11
    62 | D:1      | HP: 3/12 [constriction (1)]
    63 | D:1      | HP: 1/12 [constriction (1)]
   171 | D:1      | Reached skill level 6 in Ranged Weapons
   171 | D:1      | Reached XP level 2. HP: 16/16 MP: 4/4
   912 | D:1      | 912 ||| UPGRADING to +0 scale mail.
   922 | D:1      | 922 ||| DROPPING +0 leather armour.
   923 | D:1      | 923 ||| READING scroll labelled GOPILL WISI.
   924 | D:1      | 924 ||| DROPPING scroll of butterflies.
  1035 | D:2      | Noticed Terence
  1040 | D:2      | HP: 1/16 [Terence/+0 flail (5)]
  1041 | D:2      | Slain by Terence

Levels and vault maps discovered:
D:1:      dpeg_arrival_pits, layout_basic, minmay_misc_feat_cross,
          nicolae_hexahallways
D:2:      layout_basic, uniq_terence, uniq_natasha

Skill      XL: |  1 |
---------------+----+-----
Ranged Weapons | 6 |  6.5
Fighting       | |  1.5
Dodging        | |  2.4
Stealth        | |  1.2

Action                     || total
---------------------------++-------
   Fire: Shortbow          ||    55
    Use: Scroll            ||     1
 Armour: Leather armour    ||     3
  Dodge: Dodged            ||    15

Table legend:
 A = Non-vault XP
 B = Vault XP
 C = Vault XP percentage of total XP
 D = Non-vault monster count
 E = Vault monster count
 F = Vault count percentage of total count
                 A         B        C        D         E       F
            +---------+---------+-------+---------+---------+-------
      Total |      35 |       0 |   0.0 |      23 |       0 |   0.0
            +---------+---------+-------+---------+---------+-------
        D:1 |      35 |       0 |   0.0 |      23 |       0 |   0.0
            +---------+---------+-------+---------+---------+-------
